 Dungeon Crawl Stone Soup version 0.31-a0-145-g046c7d2549 (webtiles) character file.

Game seed: 10055498902365071681

791 qw the Skirmisher (level 7, -4/54 (61) HPs)
             Began as a Minotaur Hunter on June 7, 2023.
             Was an Initiate of Okawaru.
             Slain by Duvessa
             ... wielding a +0 rapier of draining
              (15 damage)
             ... on level 5 of the Dungeon.
             The game lasted 00:01:41 (3653 turns).

qw the Skirmisher (Minotaur Hunter)                 Turns: 3653, Time: 00:01:41

HP:   -4/54 (61)    AC:  0    Str: 16    XL:     7   Next: 57%
MP:   6/6           EV: 21    Int:  6    God:    Okawaru [......]
Gold: 206           SH:  0    Dex: 20    Spells: 6/6 levels left

rFire   . . .        Y - melded +0 longbow
rCold   . . .        (shield currently unavailable)
rNeg    . . .        h - melded +0 ring mail
rPois   .            (helmet currently unavailable)
rElec   .            (cloak currently unavailable)
rCorr   .            (gloves currently unavailable)
SInv    .            (boots currently unavailable)
Will    .....        (no amulet)
Stlth   ++           (ring currently unavailable)
HPRegen 0.29/turn    (ring currently unavailable)
MPRegen 0.10/turn

%: no passive effects
@: bat-form, flying, heavily drained, very quick
A: fast, flying, no casting, tiny, (horns 2), (retaliatory headbutt), mutation
resistance 1
a: Renounce Religion


You were on level 5 of the Dungeon.
You worshipped Okawaru.
Okawaru was noncommittal.
You were a bat.
You visited 2 branches of the dungeon, and saw 6 of its levels.

You collected 206 gold pieces.


Innate Abilities, Weirdness & Mutations

You are a bat.
You are tiny and dextrous.
You move quickly.
You are flying.
Your equipment is almost entirely melded.
You are incapable of wielding weapons or throwing items.
You cannot cast spells.
((You have a pair of horns on your head.))
((You reflexively headbutt those who attack you in melee.))
You are somewhat resistant to further mutation.


   Skills:
 - Level 5.1 Fighting
 - Level 9.0 Ranged Weapons
 + Level 1.0 Armour
 - Level 3.2 Dodging
 - Level 0.7 Stealth


You had 6 spell levels left.
You didn't know any spells.
Your spell library was empty.

Inventory:

Hand Weapons
 Y - a +0 longbow (melded)
Armour
 b - a +0 cloak
 h - a +0 ring mail (melded)
Jewellery
 d - a ring of ice
Wands
 g - a wand of digging (7)
Scrolls
 j - 2 scrolls of identify
Potions
 a - a potion of haste {unknown}
 f - 2 potions of mutation

Dungeon Overview and Level Annotations

Branches:
Dungeon (5/15)             Temple (1/1) D:5

Altars:
Ashenzari
Cheibriados
Dithmenos
Elyvilon
Fedhas
Gozag
Makhleb
Nemelex Xobeh
Okawaru
Qazlal
Ru
Sif Muna
Trog
Uskayaw
Vehumet
Wu Jian
Xom
Yredelemnul
Zin
The Shining One

Shops:
D:2 :

Annotations:
D:5 Dowan, Duvessa


Message History

You hit Duvessa but do no damage. Duvessa completely misses you.
Duvessa misses you.
You completely miss Duvessa. Dowan completely misses you.
Duvessa completely misses you.
You barely miss Duvessa.
Duvessa hits you with a +0 rapier of draining!
You feel drained. Dowan barely misses you.
You barely miss Duvessa. Duvessa barely misses you.
Dowan hits you with a +0 dagger.
You hit Duvessa but do no damage. Duvessa misses you.
Dowan completely misses you. Duvessa closely misses you.
You completely miss Duvessa. Duvessa closely misses you.
Dowan gestures wildly while chanting.
Dowan blinks!
You hit Duvessa.
Duvessa is lightly wounded.
Duvessa closely misses you.
You barely miss Duvessa.
Duvessa is lightly wounded.
Duvessa completely misses you.
You completely miss Duvessa.
Duvessa is lightly wounded.
Duvessa hits you with a +0 rapier of draining!
You feel drained. Duvessa closely misses you.
You hit Duvessa but do no damage.
Duvessa is lightly wounded.
Duvessa barely misses you.
You hit Duvessa but do no damage.
Duvessa is lightly wounded.
Duvessa completely misses you.
You hit Duvessa.
Duvessa is lightly wounded.
Duvessa hits you with a +0 rapier of draining.
You feel drained. Dowan misses you.
You hit Duvessa but do no damage.
Duvessa is lightly wounded.
Duvessa closely misses you.
Duvessa hits you with a +0 rapier of draining!
You die...

#.....#.### #.....#.#
#.....#.###.. ##### ###
#.......O.... #... ..#
#.....#.##### ###.# #.#
#....##.# ######<..# #.#
#....##.# #........#
###e###....##.# #........#
#.be(.........# #......?.#
#.#...........#
#........####.#...........#
#.........}...##..........#
#.........................#
#.......}.>.}.#...........#
#...............###########
#####....}....##
###########


You could see Duvessa (fast, strong) and Dowan (strong).

Vanquished Creatures
  2 black bears
  An ogre (D:5)
  A phantom (D:4)
  An orc priest (D:3)
  3 hounds (D:4)
  An iguana (D:3)
  A sleepcap (D:4)
  4 orc wizards
  9 adders
  4 dart slugs
  10 orcs
  4 bats
  9 endoplasms
  2 giant cockroaches
  9 goblins
  6 hobgoblins
  5 jackals
  4 quokkas (D:2)
  5 ball pythons
  4 frilled lizards
  8 kobolds
  7 rats
100 creatures vanquished.

Notes
Turn   | Place    | Note
-------+----------+-------------------------------------------
     0 | D:1      | qw the Minotaur Hunter began the quest for the Orb.
     0 | D:1      | Reached XP level 1. HP: 18/18 MP: 0/0
     0 | D:1      | 0 ||| qw: Version: 0.2-a-117-gc6b5c8b
     0 | D:1      | 0 ||| qw: Game counter: 2474
     0 | D:1      | 0 ||| qw: Always use a shield: true
     0 | D:1      | 0 ||| qw: God list: Okawaru
     0 | D:1      | 0 ||| qw: Allow faded altars: false
     0 | D:1      | 0 ||| qw: Do Orc after D:15 true
     0 | D:1      | 0 ||| qw: Do second Lair branch before Depths: true
     0 | D:1      | 0 ||| qw: Lair rune preference: random
     0 | D:1      | 0 ||| qw: Plans: Normal
     0 | D:1      | 0 ||| PLANNING D:1-11
    57 | D:1      | Reached XP level 2. HP: 12/25 MP: 1/1
    60 | D:1      | Reached skill level 5 in Ranged Weapons
   232 | D:1      | Reached skill level 3 in Fighting
   557 | D:1      | Reached XP level 3. HP: 31/31 MP: 2/2
   710 | D:1      | 710 ||| UPGRADING to +0 ring mail.
   720 | D:1      | 720 ||| DROPPING +0 leather armour.
   721 | D:1      | 721 ||| READING scroll labelled FUHOS YRRAMANY.
   722 | D:1      | 722 ||| READING scroll labelled ONOPOM HOTYUSCHAUF.
   723 | D:1      | 723 ||| READING 2 scrolls labelled APROBLINOFF.
   724 | D:1      | 724 ||| READING 3 scrolls labelled SELIERUYMI.
   725 | D:1      | 725 ||| READING scroll labelled INKIWK MIMOCERR.
   726 | D:1      | 726 ||| DRINKING 2 golden potions.
   727 | D:1      | 727 ||| DRINKING 3 glowing coppery potions.
   727 | D:1      | Gained mutation: You are somewhat resistant to further
                  | mutation. [potion of mutation]
   728 | D:1      | 728 ||| READING 2 scrolls of identify.
   728 | D:1      | 728 ||| IDENTIFYING amethyst potion
   729 | D:1      | 729 ||| DROPPING scroll of butterflies.
   730 | D:1      | 730 ||| DROPPING potion of enlightenment.
   731 | D:1      | 731 ||| DROPPING scroll of noise.
   733 | D:1      | 733 ||| Stepping ~*~*~tactically~*~*~ (cloud).
   834 | D:2      | 834 ||| STAIRDANCE
   838 | D:2      | 838 ||| STAIRDANCE
   842 | D:2      | 842 ||| STAIRDANCE
   846 | D:2      | 846 ||| STAIRDANCE
   850 | D:2      | 850 ||| STAIRDANCE
   854 | D:2      | 854 ||| STAIRDANCE
   858 | D:2      | 858 ||| STAIRDANCE
   862 | D:2      | 862 ||| STAIRDANCE
   866 | D:2      | 866 ||| STAIRDANCE
   870 | D:2      | 870 ||| STAIRDANCE
   874 | D:2      | 874 ||| STAIRDANCE
   878 | D:2      | 878 ||| STAIRDANCE
   882 | D:2      | 882 ||| STAIRDANCE
   886 | D:2      | 886 ||| STAIRDANCE
   890 | D:2      | 890 ||| STAIRDANCE
   894 | D:2      | 894 ||| STAIRDANCE
   898 | D:2      | 898 ||| STAIRDANCE
   902 | D:2      | 902 ||| STAIRDANCE
   906 | D:2      | 906 ||| STAIRDANCE
   910 | D:2      | 910 ||| STAIRDANCE
  1135 | D:2      | Reached skill level 1 in Armour
  1293 | D:2      | Reached XP level 4. HP: 33/38 MP: 3/3
  1355 | D:2      | 1355 ||| FLEEEEING.
  1356 | D:2      | 1356 ||| FLEEEEING.
  1357 | D:2      | 1357 ||| FLEEEEING.
  1358 | D:2      | 1358 ||| FLEEEEING.
  1359 | D:2      | 1359 ||| FLEEEEING.
  1360 | D:2      | 1360 ||| FLEEEEING.
  1361 | D:2      | 1361 ||| FLEEEEING.
  1362 | D:2      | 1362 ||| FLEEEEING.
  1363 | D:2      | 1363 ||| FLEEEEING.
  1364 | D:2      | 1364 ||| FLEEEEING.
  1365 | D:2      | 1365 ||| FLEEEEING.
  1366 | D:2      | 1366 ||| FLEEEEING.
  1367 | D:2      | 1367 ||| FLEEEEING.
  1368 | D:2      | 1368 ||| FLEEEEING.
  1369 | D:2      | 1369 ||| FLEEEEING.
  1380 | D:2      | 1380 ||| FLEEEEING.
  1381 | D:2      | 1381 ||| FLEEEEING.
  1382 | D:2      | 1382 ||| FLEEEEING.
  1383 | D:2      | 1383 ||| FLEEEEING.
  1384 | D:2      | 1384 ||| FLEEEEING.
  1385 | D:2      | 1385 ||| FLEEEEING.
  1386 | D:2      | 1386 ||| FLEEEEING.
  1388 | D:2      | 1388 ||| FLEEEEING.
  1399 | D:2      | Reached skill level 6 in Ranged Weapons
  1562 | D:2      | 1562 ||| SWAPPING to +0 longbow.
  1564 | D:2      | 1564 ||| DROPPING +1 shortbow.
  1590 | D:2      | Found Dustreu's Book Emporium.
  1676 | D:2      | 1676 ||| READING scroll labelled XUGEOJE YNEV.
  1677 | D:2      | 1677 ||| DRINKING 2 black potions.
  1678 | D:2      | 1678 ||| DROPPING potion of brilliance.
  1893 | D:3      | Reached XP level 5. HP: 46/46 MP: 4/4
  1916 | D:3      | Found a glowing golden altar of the Shining One.
  2097 | D:3      | 2097 ||| Stepping ~*~*~tactically~*~*~ (outnumbered).
  2099 | D:3      | 2099 ||| Stepping ~*~*~tactically~*~*~ (outnumbered).
  2112 | D:3      | 2112 ||| FLEEEEING.
  2113 | D:3      | 2113 ||| FLEEEEING.
  2114 | D:3      | 2114 ||| FLEEEEING.
  2115 | D:3      | 2115 ||| FLEEEEING.
  2116 | D:3      | 2116 ||| FLEEEEING.
  2117 | D:3      | 2117 ||| FLEEEEING.
  2118 | D:3      | 2118 ||| STAIRDANCE
  2225 | D:2      | 2225 ||| READING scroll labelled YNWAOSIUCH.
  2226 | D:2      | 2226 ||| READING 3 scrolls of identify.
  2226 | D:2      | 2226 ||| IDENTIFYING sedimented clear potion
  2227 | D:2      | 2227 ||| DROPPING potion of invisibility.
  2234 | D:3      | 2234 ||| STAIRDANCE
  2237 | D:2      | HP: 10/46 [poisoned by an orc]
  2240 | D:2      | Reached skill level 7 in Ranged Weapons
  2240 | D:2      | 2240 ||| DRINKING 2 potions of curing.
  2240 | D:2      | 2240 ||| (to cure poison)
  2568 | D:3      | 2568 ||| READING 2 scrolls of identify.
  2568 | D:3      | 2568 ||| IDENTIFYING orange potion
  2569 | D:3      | 2569 ||| DROPPING potion of lignification.
  2602 | D:4      | 2602 ||| STAIRDANCE
  2692 | D:4      | Noticed a black bear
  2696 | D:4      | Killed a black bear
  2697 | D:4      | Reached XP level 6. HP: 43/52 MP: 5/5
  2747 | D:4      | 2747 ||| DRINKING potion of curing.
  2747 | D:4      | 2747 ||| (to cure confusion)
  2758 | D:4      | Reached skill level 8 in Ranged Weapons
  3068 | D:4      | Reached XP level 7. HP: 61/61 MP: 6/6
  3467 | D:4      | 3467 ||| READING 2 scrolls labelled OGEQYO KA BIT.
  3468 | D:4      | 3468 ||| READING scroll labelled RYSHRO YPLEIKEB.
  3472 | D:4      | 3472 ||| READING scroll labelled ROXINO CAHEAMP.
  3473 | D:4      | 3473 ||| DROPPING scroll of immolation.
  3512 | D:5      | Entered Level 5 of the Dungeon
  3512 | D:5      | Found a staircase to the Ecumenical Temple.
  3513 | D:5      | 3513 ||| PLANNING TEMPLE
  3513 | D:5      | 3513 ||| STAIRDANCE
  3525 | Temple   | Entered the Ecumenical Temple
  3551 | Temple   | 3551 ||| PLANNING OKAWARU WORSHIP
  3561 | Temple   | Became a worshipper of Warmaster Okawaru
  3561 | Temple   | 3561 ||| PLANNING D:1-11
  3580 | D:5      | Reached skill level 9 in Ranged Weapons
  3607 | D:5      | Noticed Duvessa
  3607 | D:5      | Noticed Dowan
  3608 | D:5      | 3608 ||| FLEEEEING.
  3613 | D:5      | 3613 ||| FLEEEEING.
  3614 | D:5      | 3614 ||| FLEEEEING.
  3615 | D:5      | 3615 ||| FLEEEEING.
  3622 | D:5      | 3622 ||| FLEEEEING.
  3639 | D:5      | Reached skill level 3 in Dodging
  3652 | D:5      | HP: 13/56 [Duvessa/+0 rapier of draining (6)]
  3653 | D:5      | Slain by Duvessa

Levels and vault maps discovered:
D:1:      spicycebolla_arrival_ecumenical, layout_basic, minmay_small_reverse_x
D:2:      layout_loops_cross, serial_shops, shop, grunt_decor_arrowhead,
          serial_park_tiny_1
D:3:      layout_loops_ring, tso_oasis_becter, grunt_ministairs_7
D:4:      layout_loops_ring, corexii_corridor_pit
D:5:      layout_basic, temple_fountains, uniq_duvessa
Temple:   hellmonk_temple_of_storms

Skill      XL: |  1  2  3  4  5  6  7 |
---------------+----------------------+-----
Ranged Weapons | 5 6 7 8 9 |  9.0
Fighting       | 3 4 5 |  5.1
Armour         | 1 |  1.0
Dodging        | 3 |  3.2
Stealth        | |  0.7

Action                     |  1- 3 |  4- 6 |  7- 9 || total
---------------------------+-------+-------+-------++-------
  Melee: Unarmed           |       |       |    14 ||    14
   Fire: Shortbow          |   100 |    32 |       ||   132
         Longbow           |       |   110 |    28 ||   138
    Use: Scroll            |     6 |     4 |     3 ||    13
         Potion            |     2 |     3 |       ||     5
 Armour: Leather armour    |     7 |       |       ||     7
         Ring mail         |     6 |    30 |       ||    36
  Dodge: Dodged            |    15 |    43 |    23 ||    81

Table legend:
 A = Non-vault XP
 B = Vault XP
 C = Vault XP percentage of total XP
 D = Non-vault monster count
 E = Vault monster count
 F = Vault count percentage of total count
                 A         B        C        D         E       F
            +---------+---------+-------+---------+---------+-------
      Total |    1039 |      92 |   8.1 |      90 |      10 |  10.0
            +---------+---------+-------+---------+---------+-------
        D:1 |      46 |       6 |  11.5 |      24 |       4 |  14.3
        D:2 |     115 |       6 |   5.0 |      24 |       2 |   7.7
        D:3 |     115 |      80 |  41.0 |      18 |       4 |  18.2
        D:4 |     517 |       0 |   0.0 |      22 |       0 |   0.0
        D:5 |     246 |       0 |   0.0 |       2 |       0 |   0.0
            +---------+---------+-------+---------+---------+-------
